 Dungeon Crawl Stone Soup version 0.30-b1-2-g02819fbbbe (webtiles) character file.

Game seed: 15905688044623219010

30 Borgoz the Slasher (level 3, 33/33 HPs)
             Began as a Minotaur Berserker on June 18, 2023.
             Was a Follower of Trog.
             Quit the game on level 1 of the Dungeon.
             The game lasted 00:01:50 (552 turns).

Borgoz the Slasher (Minotaur Berserker)              Turns: 552, Time: 00:01:50

Health: 33/33      AC:  6    Str: 21    XL:     3   Next: 3%
Magic:  2/2        EV: 10    Int:  4    God:    Trog [*.....]
Gold:   39         SH:  0    Dex: 11    Spells: 2/2 levels left

rFire   . . .        a - +0 falchion
rCold   . . .        (no shield)
rNeg    . . .        c - +0 scale mail
rPois   .            (helmet restricted)
rElec   .            (no cloak)
rCorr   .            (no gloves)
SInv    .            (no boots)
Will    .....        (no amulet) Stlth
                     (no ring)
HPRegen 0.25/turn    (no ring)
MPRegen 0.08/turn

%: no passive effects
@: studying Maces & Flails
A: horns 2, retaliatory headbutt
a: Renounce Religion, Berserk


You were on level 1 of the Dungeon.
You worshipped Trog.
Trog was aware of your devotion.
You visited 1 branch of the dungeon, and saw 1 of its levels.

You collected 39 gold pieces.

Inventory:

Hand Weapons
 a - a +0 falchion (weapon)
Armour
 c - a +0 scale mail (worn)
Potions
 b - a potion of heal wounds {unknown}
 d - a potion of curing {unknown}
 e - a potion of haste {unknown}
 g - a potion of flight {unknown}


   Skills:
 * Level 4.1 Fighting
 * Level 4.1 Long Blades
 * Level 3.0 Armour
 * Level 2.6 Dodging


You had 2 spell levels left.
You didn't know any spells.
Your spell library was empty.

Dungeon Overview and Level Annotations

Branches:
Dungeon (1/15)

Altars:


Innate Abilities, Weirdness & Mutations

You have a pair of horns on your head.
You reflexively headbutt those who attack you in melee.


Message History

You hear a loud clanging noise!
It was a scroll of noise.
As you read the scroll labelled OFONIGHYRU, it crumbles to dust.
A profound silence engulfs you.
It was a scroll of silence.
There is a dry fountain here.
Found 5 boomerangs.
You see here 5 boomerangs.
A ball python comes into view.
A ball python is nearby!
You hit the ball python.
You kill the ball python!
Trog accepts your kill.
Your Armour skill increases to level 3!
No target in view!
No target in view!
No target in view!
No target in view!
No target in view!
No target in view!
No target in view!
Magic scrolls do not work when you're silenced!
f - a scroll labelled MUZAT FOEXOLOM Magic scrolls do not work when you're silenced!
Unknown command.
Your hearing returns.
g - a fizzy black potion
Found a pair of gloves.
This is a scroll of acquirement!
You see here a manual of Maces & Flails.
Something appears at your feet!
You pick up a manual of Maces & Flails and begin studying.
You see here a +0 pair of gloves.
You see here a +0 pair of gloves.
You now have 39 gold pieces (gained 11).
You open the door.
A kobold comes into view. It is wielding a +0 short sword.
The kobold shouts!
Found a rapier.
A kobold is nearby!
Are you sure you want to abandon this character and quit the game? (Confirm with "yes".)

#.##.#8......................#
...#.##...........####.#######
##.#.###8###8#....# #.# ##+#.#
#######....# #.# .....#
.........# #.# .....#
.........# #.########## .....#
)........####...........
.....#
......##....############
.....#
......'@................
.....#
....K.##....############
.#'#.# ..... ##....#
.†.#+######## #.....#
##††...... #...### .'........
#...# ##........ #...# ##
#........ #...# #. #########
#...# #.


You could see a kobold.

Vanquished Creatures
  A gnoll (D:1)
  2 ball pythons (D:1)
  A giant cockroach (D:1)
  A goblin (D:1)
  A hobgoblin (D:1)
  3 jackals (D:1)
  A quokka (D:1)
  2 bats (D:1)
  2 kobolds (D:1)
  6 rats (D:1)
20 creatures vanquished.

Notes
Turn   | Place    | Note
-------+----------+-------------------------------------------
     0 | D:1      | Borgoz the Minotaur Berserker began the quest for the Orb.
     0 | D:1      | Reached XP level 1. HP: 19/19 MP: 0/0
   170 | D:1      | Reached XP level 2. HP: 27/27 MP: 1/1
   255 | D:1      | Found a faded altar of an unknown god.
   365 | D:1      | Reached XP level 3. HP: 33/33 MP: 2/2
   506 | D:1      | Identified a scroll of acquirement
   506 | D:1      | Acquired a manual of Maces & Flails
   552 | D:1      | Quit the game

Illustrated notes

Levels and vault maps discovered:
D:1:      spicycebolla_arrival_xxxplode, layout_basic,
          chequers_ecumenical_altar_grove, serial_corexii_hall,
          corexii_hall_statues_s, chequers_hall_statues_wall_a,
          corexii_hall_statues_i, chequers_hall_statues_wall_a

Skill      XL: |  1  2  3 |
---------------+----------+-----
Long Blades    | 4 |  4.1
Fighting       | 4 |  4.1
Armour         | 3 |  3.0
Dodging        | |  2.6

Action                     || total
---------------------------++-------
  Melee: Falchion          ||    48
         Headbutt          ||     5
         Punch             ||     1
 Invoke: Berserk           ||     1
    Use: Scroll            ||     4
 Armour: Scale mail        ||    26
  Dodge: Dodged            ||    38
